 Dungeon Crawl Stone Soup version 0.32-a0-616-g9348d4545b (webtiles) character file.

Game seed: 9479539538813731047

1 Sabo the Charlatan (level 1, -1/12 HPs)
             Began as a Gargoyle Artificer on Mar 5, 2024.
             Slain by a ball python (3 damage)
             ... on level 1 of the Dungeon.
             The game lasted 00:01:07 (129 turns).

Sabo the Charlatan (Gargoyle Artificer)              Turns: 129, Time: 00:01:09

Health: -1/12      AC:  5    Str: 15    XL:     1   Next: 20%
Magic:  1/1        EV:  1    Int: 11    God:
Gold:   0          SH:  0    Dex: 10    Spells: 0/0 levels left

rFire   . . .        a - +0 club
rCold   . . .        (no shield)
rNeg    + . .        b - +0 leather armour
rPois   ∞            (no helmet)
rElec   +            (no cloak)
rCorr   .            (no gloves)
SInv    .            (no boots)
Will    .....        (no amulet)
Stlth   +            (no ring)
HPRegen 0.22/turn    (no ring)
MPRegen 0.07/turn

%: no passive effects
@: constricted
A: sickness immunity, AC +2, negative energy resistance 1, electricity
resistance, torment resistance 1, petrification resistance
a: no special abilities


You were on level 1 of the Dungeon.
You visited 1 branch of the dungeon, and saw 1 of its levels.

Inventory:

Hand Weapons
 a - a +0 club (weapon)
Armour
 b - a +0 leather armour (worn)
Wands
 c - a wand of flame (15) (quivered)
 d - a wand of charming (15)
 e - a wand of iceblast (5)
Scrolls
 f - 3 scrolls of identify {unknown}
Potions
 g - a potion of curing {unknown}


   Skills:
 + Level 1.1 Fighting
 + Level 2.1 Armour
 + Level 0.7 Dodging
 + Level 1.1 Stealth
 + Level 2.8 Evocations


You couldn't memorise any spells.
You didn't know any spells.
Your spell library contained the following spells:

 Spells                   Type           Power      Damage    Failure   Level
 Animate Dead             Necr           0%         N/A       99%         4
 Borgnjor's Vile Clutch   Necr/Erth      0%         N/A       100%        5
 Death Channel            Necr           0%         N/A       100%        6


Dungeon Overview and Level Annotations

Branches:
Dungeon (1/15)

Altars:


Innate Abilities, Weirdness & Mutations

You are immune to sickness and miasma.
Your stone body is resilient. (AC +2)
You are immune to poison.
You resist negative energy. (rN+)
You are resistant to electric shocks. (rElec)
You are resistant to unholy torment.
You are immune to petrification.


Message History

The giant cockroach bites you but does no damage.
You hit the ball python but do no damage.
The ball python barely misses you. The ball python grabs you.
The ball python constricts you. The giant cockroach bites you.
The ball python bites you but does no damage.
The ball python constricts you.
The giant cockroach bites you but does no damage.
You barely miss the ball python.
The ball python bites you but does no damage.
The ball python constricts you.
The giant cockroach bites you but does no damage.
You hit the ball python.
The ball python is moderately wounded.
The ball python bites you but does no damage.
The ball python constricts you.
The giant cockroach bites you but does no damage.
The ball python bites you. The ball python constricts you.
The giant cockroach bites you but does no damage.
You closely miss the ball python.
The ball python is moderately wounded.
The ball python bites you but does no damage.
The ball python constricts you.
The giant cockroach bites you but does no damage.
The ball python bites you.
* * * LOW HITPOINT WARNING * * *
The ball python constricts you.
You hit the ball python.
The ball python is heavily wounded.
The giant cockroach bites you but does no damage.
The ball python bites you.
* * * LOW HITPOINT WARNING * * *
The ball python constricts you.
The giant cockroach bites you but does no damage.
You hit the ball python but do no damage.
The ball python is heavily wounded.
The ball python bites you but does no damage.
The ball python constricts you.
The giant cockroach bites you but does no damage.
The ball python bites you.
You die...

.###.# .....# ..#
##.### ..#. ##..#
... ....# #.. .##.#
#..#### # #.#.##
#..... .#
#...########.#B##.#
#.#.........#...@SB#
.##.##.####.###.####
....##.####.###.#
>......##.......#
.##.##......#####
....##.##.#.#
.##.........#
.#####.####.#
.#####......#


You could see 2 giant cockroaches and a ball python.

Vanquished Creatures
  2 rats (D:1)
2 creatures vanquished.

Notes
Turn   | Place    | Note
-------+----------+-------------------------------------------
     0 | D:1      | Sabo the Gargoyle Artificer began the quest for the Orb.
     0 | D:1      | Reached XP level 1. HP: 12/12 MP: 1/1
     6 | D:1      | Noticed an electric eel
   129 | D:1      | Slain by a ball python

Illustrated notes

Levels and vault maps discovered:
D:1:      arrival_aquarium_a, layout_loops_cross, serial_shops,
          nicolae_shop_gaudy_bauble, shop, ebering_ecumenical_altar_box

Action                     || total
---------------------------++-------
  Melee: Club              ||    14
   Stab: Sleeping          ||     1
 Armour: Leather armour    ||    35
  Dodge: Dodged            ||     8

Table legend: (Time is in decaauts)
 A = Elapsed time spent in this place.
 B = Non-inter-level travel time spent in this place.
 C = Inter-level travel time spent in this place.
 D = Time resting spent in this place.
 E = Time spent auto-exploring this place.
 F = Levels seen in this place.
 G = Mean time per level.
                   A        B        C        D        E       F      G
               +--------+--------+--------+--------+--------+-----+--------+
         Total |    132 |    132 |      0 |      0 |      0 |   1 |  132.0 |
       Dungeon |    132 |    132 |      0 |      0 |      0 |   1 |  132.0 |
               +--------+--------+--------+--------+--------+-----+--------+

Top non-repeatable levels by time:
     D:1: 132 daAuts
